 Dungeon Crawl Stone Soup version 0.28-a0-1184-g53156a8862 (webtiles) character file.

Game seed: 13611775778562444847

476 leviel the Chopper (level 7, -4/60 HPs)
             Began as a Hill Orc Fighter on Dec 18, 2021.
             Was an Initiate of Okawaru.
             Slain by a two-headed ogre (6 damage)
             ... on level 4 of the Dungeon.
             The game lasted 00:04:29 (4944 turns).

leviel the Chopper (Hill Orc Fighter)               Turns: 4944, Time: 00:04:29

Health: -4/60      AC: 11    Str: 21    XL:     7   Next: 10%
Magic:  7/7        EV: 10    Int:  8    God:    Okawaru [......]
Gold:   175        SH:  4    Dex: 10    Spells: 6/6 levels left

rFire   . . .      SeeInvis .   a - +0 war axe
rCold   . . .      Faith    .   c - +0 buckler
rNeg    . . .      Spirit   .   b - +0 scale mail
rPois   .          Reflect  .   (no helmet)
rElec   .          Harm     .   (no cloak)
rCorr   .          Rampage  .   (no gloves)
Will    .....                   (no boots)
Stlth   ..........              (no amulet)
HPRegen 0.20/turn               l - +4 ring of protection
MPRegen 0.10/turn               (no ring)

@: no status effects
A: no striking features
a: Renounce Religion


You were on level 4 of the Dungeon.
You worshipped Okawaru.
Okawaru was noncommittal.
You visited 1 branch of the dungeon, and saw 5 of its levels.

You collected 175 gold pieces.

Inventory:

Hand Weapons
 a - a +0 war axe (weapon)
Missiles
 f - 57 poisoned darts (quivered)
 k - 2 javelins
Armour
 b - a +0 scale mail (worn)
 c - a +0 buckler (worn)
Jewellery
 l - a +4 ring of protection (left hand)
Wands
 r - a wand of digging (5)
Scrolls
 g - 2 scrolls of magic mapping {unknown}
 h - 5 scrolls of identify {@r1}
 i - a scroll of enchant armour {unknown}
 j - a scroll of amnesia {unknown}
 p - a scroll of holy word {unknown}
 q - a scroll of fear {unknown}
 s - a scroll of teleportation {unknown}
Potions
 d - a potion of might
 n - a potion of cancellation {unknown}
 o - a potion of berserk rage {unknown}


   Skills:
 + Level 4.8 Fighting
 + Level 5.9 Axes
 + Level 2.3 Throwing
 + Level 4.7 Armour
 + Level 1.1 Dodging
 + Level 0.1 Stealth
 + Level 4.2 Shields


You had 6 spell levels left.
You didn't know any spells.
Your spell library was empty.

Dungeon Overview and Level Annotations

Branches:
Dungeon (5/15)
 Temple: D:4-7

Altars:
Fedhas
Okawaru
Qazlal
Yredelemnul


Message History

You slash the scorpion!
The scorpion is severely wounded.
You feel very sick. The scorpion stings you.
You are more poisoned.
The scorpion poisons you!
You slash the scorpion!
You kill the scorpion!
Okawaru accepts your kill.
You feel very sick.
You have reached level 7!
You feel very sick.
You see here a scorpion corpse.
You feel very sick.
There is a stone staircase leading up here.
You feel very sick.
You see here a water moccasin corpse.
You feel sick.
There is a stone staircase leading up here.
You start resting.
You feel sick. x7
You are no longer poisoned.
You start resting.
HP restored.
l - a +4 ring of protection (left hand)
You start waiting.
Done waiting.
You climb upwards.
The two-headed ogre hits you with a +0 giant spiked club!!
The two-headed ogre hits you with a +0 giant club.
The two-headed ogre hits you with a +0 giant spiked club!
The two-headed ogre hits you with a +0 giant club!!
* * * LOW HITPOINT WARNING * * *
There is a stone staircase leading down, spattered with blood here.
Okay, then.
You slash the two-headed ogre!
The two-headed ogre is moderately wounded.
The two-headed ogre hits you with a +0 giant spiked club!
* * * LOW HITPOINT WARNING * * *
The two-headed ogre hits you with a +0 giant club.
You die...

#.......## #.#.## ##.
##.....## #.### ##.. ##...##
#.##### #..# ##'## #.....#
#..# #.# #####.# ##... #†#
#.# #...# ##.## ##### #.#
#...# ##...###...####.###
#....
#..........@S.SK..#######...
##...###..O######........#..
########.##
########....##'##....
.........# ##...####.KS####.
########.# #..###..#...# ##
#.# #.##.#..#?..# #. #.#
#.†.(#..#...# #[ #.#
#.##.#..#...# #. #.#
#..###..#...# ##


You could see a two-headed ogre, a kobold brigand and 2 ball pythons.

Vanquished Creatures
  A water moccasin (D:5)
  A scorpion (D:5)
  A centaur skeleton (D:4)
  A bullfrog skeleton (D:4)
  2 iguanas (D:4)
  An orc wizard (D:3)
  A hound skeleton (D:4)
  3 gnolls (D:4)
  3 adders
  2 worms
  4 dart slugs
  9 orcs
  10 ball pythons
  4 bats
  10 endoplasms
  2 giant cockroaches
  5 goblins
  4 hobgoblins
  2 jackals (D:1)
  4 quokkas
  3 frilled lizards
  10 kobolds
  7 rats
90 creatures vanquished.

Vanquished Creatures (others)
  A fungus (D:3)
  7 plants
8 creatures vanquished.

Grand Total: 98 creatures vanquished

Notes
Turn   | Place    | Note
-------+----------+-------------------------------------------
     0 | D:1      | leviel the Hill Orc Fighter began the quest for the Orb.
     0 | D:1      | Reached XP level 1. HP: 19/19 MP: 1/1
    35 | D:1      | Found a faded altar of an unknown god.
   435 | D:1      | Reached XP level 2. HP: 27/27 MP: 2/2
   966 | D:1      | Reached XP level 3. HP: 32/33 MP: 3/3
   982 | D:1      | Reached skill level 3 in Axes
  2373 | D:3      | Reached XP level 4. HP: 41/41 MP: 4/4
  2494 | D:3      | Reached skill level 1 in Throwing
  2984 | D:3      | Found a blossoming altar of Fedhas.
  2986 | D:3      | Found a stormy altar of Qazlal.
  3180 | D:3      | Reached XP level 5. HP: 47/47 MP: 5/5
  3725 | D:4      | Found an iron altar of Okawaru.
  3802 | D:4      | Became a worshipper of Warmaster Okawaru
  3891 | D:4      | Reached skill level 4 in Axes
  4138 | D:4      | Reached XP level 6. HP: 53/53 MP: 6/6
  4229 | D:4      | Reached skill level 5 in Axes
  4244 | D:4      | Found a basalt altar of Yredelemnul.
  4483 | D:4      | Noticed a water moccasin
  4484 | D:4      | Noticed a two-headed ogre
  4499 | D:5      | Entered Level 5 of the Dungeon
  4505 | D:5      | Killed a water moccasin
  4506 | D:5      | Reached skill level 1 in Dodging
  4566 | D:5      | Reached XP level 7. HP: 25/60 MP: 7/7
  4944 | D:4      | HP: 2/60 [two-headed ogre (10)]
  4944 | D:4      | Slain by a two-headed ogre

Illustrated notes

Levels and vault maps discovered:
D:1:      saegor_arrival_under_anarchy, layout_loops_corners,
          hellmonk_ecumenical_altar_crossroads, serial_park_tiny_1
D:2:      layout_basic, serial_bayou, serial_bayou_ford_a, serial_bayou_lake_a,
          serial_bayou_pond_d, serial_bayou_pond_d, minmay_misc_feat_rugged
D:3:      layout_basic, grunt_temple_overflow_forces_of_nature, minmay_cupped
D:4:      layout_loops_corners, yredelemnul_altar_generic,
          mainiacjoe_overflow_small_starburst, minmay_divided_ellipse
D:5:      layout_loops_ring, makhleb_altar_promises_db

Skill      XL: |  1  2  3  4  5  6 |
---------------+-------------------+-----
Fighting       | 4 |  4.8
Axes           | 3 4 5 |  5.9
Throwing       | 1 2 |  2.3
Armour         | 4 |  4.7
Shields        | 4 |  4.2
Dodging        | 1 |  1.1
Stealth        | |  0.1

Action                   |  1- 3 |  4- 6 |  7- 9 || total
-------------------------+-------+-------+-------++-------
Melee: War axe           |   121 |   141 |     1 ||   263
Throw: Dart              |    14 |    64 |       ||    78
  Use: Potion            |       |     3 |       ||     3
       Scroll            |       |     1 |       ||     1
Armor: Scale mail        |    66 |    56 |       ||   122
Dodge: Dodged            |    61 |    67 |       ||   128
Block: Buckler           |    30 |    37 |       ||    67

Table legend: (Time is in decaauts)
 A = Elapsed time spent in this place.
 B = Non-inter-level travel time spent in this place.
 C = Inter-level travel time spent in this place.
 D = Time resting spent in this place.
 E = Time spent auto-exploring this place.
 F = Levels seen in this place.
 G = Mean time per level.
                   A        B        C        D        E       F      G
               +--------+--------+--------+--------+--------+-----+--------+
         Total |   5087 |   4951 |    136 |    926 |   3303 |   5 | 1017.4 |
       Dungeon |   5087 |   4951 |    136 |    926 |   3303 |   5 | 1017.4 |
               +--------+--------+--------+--------+--------+-----+--------+

Top non-repeatable levels by time:
     D:3: 1311 daAuts
     D:1: 1288 daAuts
     D:2: 1082 daAuts
     D:4: 961 daAuts
     D:5: 444 daAuts
